 Dungeon Crawl Stone Soup version 0.31-a0-325-g067879e3d3 (webtiles) character file.

Game seed: 4567493764091798978

1440 MacCMillion the Mimic (level 8, -2/90 HPs)
             Began as a Merfolk Shapeshifter on July 18, 2023.
             Was a Believer of Uskayaw.
             Slain by Joseph
             ... wielding a +0 quarterstaff
              (5 damage)
             ... on level 7 of the Dungeon.
             The game lasted 00:18:06 (7451 turns).

MacCMillion the Mimic (Merfolk Shapeshifter)        Turns: 7451, Time: 00:18:06

Health: -2/90      AC:  3    Str: 15    XL:     8   Next: 74%
Magic:  10/10      EV: 15    Int: 10    God:    Uskayaw [**....]
Gold:   303        SH:  0    Dex: 17    Spells: 7/7 levels left

rFire   . .          .
                       - Unarmed
rCold   . . .        (shield currently unavailable)
rNeg    . . .        h - +0 robe
rPois   .            t - +1 helmet {Int+3}
rElec   .            (no cloak)
rCorr   .            (gloves currently unavailable)
SInv    .            r - +0 pair of boots
Will    .....        k - amulet of faith Stlth
                     (no ring)
HPRegen 0.35/turn    (no ring)
MPRegen 0.12/turn

%: faith
@: berserking, blade hands, very quick
A: reduced hp, (nimble swimmer 2), mertail
a: Begin Untransformation, Renounce Religion, Stomp, Line Pass


You were on level 7 of the Dungeon.
You worshipped Uskayaw.
Uskayaw was noncommittal.
You had blades for hands.
You visited 1 branch of the dungeon, and saw 7 of its levels.

You collected 303 gold pieces.

Inventory:

Hand Weapons
 g - a +0 falchion
Missiles
 b - 2 javelins
 e - 6 poisoned darts
 A - 2 throwing nets
Armour
 h - a +0 robe (worn)
 r - a +0 pair of boots (worn)
 s - a +0 ring mail
 t - a +1 helmet of intelligence (worn)
Jewellery
 k - an amulet of faith (around neck)
 o - an amulet of reflection
 p - an amulet of magic regeneration
 q - an amulet of guardian spirit
 B - an amulet of the acrobat
Talismans
 c - a beast talisman
 w - a blade talisman
Scrolls
 d - a scroll of vulnerability
 m - 2 scrolls of amnesia
 u - a scroll of enchant weapon {unknown}
 y - a scroll of teleportation {unknown}
 D - a scroll of identify
 E - a scroll of enchant armour {unknown}
Potions
 a - a potion of attraction
 i - 2 potions of enlightenment {unknown}
 j - a potion of brilliance {unknown}
 l - 3 potions of curing {unknown}
 n - a potion of degeneration {unknown}
 v - a potion of haste {unknown}
 x - a potion of lignification
 z - a potion of cancellation {unknown}
 C - a potion of mutation {unknown}


   Skills:
 - Level 5.0 Fighting
 - Level 6.0 Dodging
 + Level 4.9 Unarmed Combat
 + Level 3.0 Invocations
 + Level 8.7 Shapeshifting


You had 7 spell levels left.
You didn't know any spells.
Your spell library contained the following spells:

 Spells                   Type           Power      Damage    Failure   Level
 Shock                    Conj/Air       0%         1d3       78%         1
 Cigotuvi's Dreadful Rot  Necr/Pois/Air  0%         N/A       87%         2
 Lesser Beckoning         Tloc           0%         N/A       87%         2
 Gell's Gravitas          Tloc           0%         N/A       97%         3
 Ignite Poison            Fire/Tmut/Pois 0%         N/A       97%         3
 Swiftness                Air            0%         N/A       97%         3
 Teleport Other           Tloc           0%         N/A       97%         3
 Airstrike                Air            0%         2d(0-16)  100%        4
 Freezing Cloud           Conj/Ice/Air   0%         6-21      100%        5
 Malign Gateway           Summ/Tloc      0%         N/A       100%        7
 Summon Horrible Things   Summ           0%         N/A       100%        8


Dungeon Overview and Level Annotations

Branches:
Dungeon (7/15)             Temple (0/1) D:6

Altars:
Hepliaklqana
Makhleb
Nemelex Xobeh
Ru
Uskayaw
Zin

Annotations:
D:7 Joseph


Innate Abilities, Weirdness & Mutations

You have blades for hands.
Your maximum health is decreased, since you lack skill for your form.
Your spellcasting is less reliable in this form.
You are incapable of wielding weapons or throwing items.
((You are very nimble when in or above water. (Stealth+, EV+, Speed+++)))
Your lower body shifts to a powerful aquatic tail in water.


Message History

Your legs become a tail as you enter the water.
Your +0 pair of boots melds into your body.
Your +0 pair of boots unmelds from your body.
There is a stone staircase leading down here.
You climb downwards.
Found a plate armour.
There is a stone staircase leading up here.
Found 6 stones.
An orc comes into view. It is wielding a +0 short sword.
The orc shouts!
You slash the orc!
You kill the orc!
No target in view!
Found a chain mail.
Joseph, a Mercenary comes into view.
He is wielding a +0 quarterstaff.
Joseph unwields a +0 quarterstaff.
Joseph wields a +0 sling.
Joseph shoots a sling bullet.
The sling bullet hits you!
You barely miss Joseph.
Joseph unwields a +0 sling.
Joseph wields a +0 quarterstaff.
Joseph hits you with a +0 quarterstaff!
You barely miss Joseph. Joseph hits you with a +0 quarterstaff!
You slice Joseph!! You slash Joseph.
Joseph is moderately wounded.
Joseph hits you with a +0 quarterstaff!
You barely miss Joseph.
Joseph is moderately wounded.
Joseph hits you with a +0 quarterstaff!
* * * LOW HITPOINT WARNING * * *
Okay, then.
Okay, then.
A red film seems to cover your vision as you go berserk!
You feel yourself moving faster!
You feel mighty! Joseph hits you with a +0 quarterstaff!
* * * LOW HITPOINT WARNING * * *
You slash Joseph!
Joseph is heavily wounded.
You can now pass through a line of other dancers.
You barely miss Joseph.
Joseph is heavily wounded.
Joseph hits you with a +0 quarterstaff.
You die...

. . .## ..## #..## ...
#@# ### ###
#@####8###8###
#..##........# .
###.#8........# #.
#...##........## #.
[.######...##...##8#..#
#.
...........##...#####.#
#. ..######...#⌠...8#
#.###. #.####.).##
#(..#[ #.#8##...#
###...


You could see Joseph.

Vanquished Creatures
  Menkaure (D:5)
  An ice beast (D:6)
  A black bear (D:4)
  An ogre (D:6)
  A centaur (D:6)
  2 phantoms (D:4)
  5 scorpions
  A howler monkey (D:6)
  3 hounds
  A jelly (D:4)
  A gnoll bouda (D:6)
  An orc priest (D:5)
  An iguana (D:5)
  3 orc wizards (D:5)
  5 gnolls
  5 adders
  A shadow imp (D:6)
  A white imp (D:5)
  2 worms
  3 dart slugs
  13 orcs
  7 endoplasms
  A giant cockroach (D:4)
  6 goblins
  7 hobgoblins
  6 jackals
  6 kobolds
  5 quokkas
  7 ball pythons
  4 bats
  3 frilled lizards
  6 rats
111 creatures vanquished.

Notes
Turn   | Place    | Note
-------+----------+-------------------------------------------
     0 | D:1      | MacCMillion the Merfolk Shapeshifter began the quest for
                  | the Orb.
     0 | D:1      | Reached XP level 1. HP: 16/16 MP: 1/1
   214 | D:1      | Reached XP level 2. HP: 16/23 MP: 2/2
  1053 | D:2      | Reached XP level 3. HP: 28/28 MP: 3/3
  2404 | D:3      | You fall into a shaft and drop 2 floors!
  2404 | D:5      | Entered Level 5 of the Dungeon
  2466 | D:4      | Reached XP level 4. HP: 31/35 MP: 4/4
  2507 | D:4      | Noticed a scorpion
  2553 | D:3      | Killed a scorpion
  2554 | D:3      | Reached skill level 5 in Dodging
  2554 | D:3      | Reached XP level 5. HP: 42/42 MP: 5/5
  2619 | D:3      | Found a sacrificial altar of Ru.
  3428 | D:4      | Noticed a phantom
  3607 | D:4      | Killed a phantom
  3608 | D:4      | Reached skill level 5 in Fighting
  3608 | D:4      | Reached XP level 6. HP: 21/51 MP: 6/6
  3802 | D:4      | Reached skill level 5 in Shapeshifting
  3874 | D:4      | Noticed a black bear
  4083 | D:4      | Found a hide-covered altar of Uskayaw.
  4102 | D:4      | Became a worshipper of Uskayaw the Reveller
  4146 | D:4      | Reached * piety under Uskayaw
  4151 | D:4      | Reached ** piety under Uskayaw
  4632 | D:4      | Killed a black bear
  4632 | D:4      | Reached *** piety under Uskayaw
  4633 | D:4      | Reached skill level 6 in Shapeshifting
  4633 | D:4      | Reached XP level 7. HP: 48/56 MP: 7/7
  5013 | D:5      | Found a hazy altar of Hepliaklqana.
  5248 | D:5      | Found a burning altar of Makhleb.
  5248 | D:5      | Noticed a green death
  5378 | D:5      | Noticed Menkaure
  5397 | D:5      | Killed Menkaure
  5397 | D:5      | Reached **** piety under Uskayaw
  5398 | D:5      | Reached skill level 7 in Shapeshifting
  5440 | D:5      | HP: 1/56 [orc priest/+3 morningstar (5)]
  6231 | D:5      | Reached XP level 8. HP: 40/62 MP: 8/8
  6343 | D:5      | Reached skill level 8 in Shapeshifting
  6477 | D:6      | Found a staircase to the Ecumenical Temple.
  6515 | D:6      | Reached skill level 1 in Invocations
  7165 | D:6      | Found a sparkling altar of Nemelex Xobeh.
  7243 | D:6      | Found a glowing silver altar of Zin.
  7441 | D:7      | Noticed Joseph
  7449 | D:7      | HP: 2/90 [Joseph/+0 quarterstaff (14)]
  7451 | D:7      | Slain by Joseph

Illustrated notes

Levels and vault maps discovered:
D:1:      ncdulo_wetmaze, layout_rooms, interstate_on_off, minivault_5
D:2:      layout_basic
D:3:      layout_basic, mainiacjoe_overflow_tiny_flanked
D:4:      layout_cave_pools, nicolae_uskayaw_suspiria, bh_walls_and_bars
D:5:      layout_loops_ring, nicolae_hepliaklqana_hazy_memory,
          makhleb_altar_promises_db, due_unseen_surprise, uniq_menkaure
D:6:      layout_rooms, mainiacjoe_overflow_two_lobes,
          minmay_temple_entry_wispy, chequers_serial_rivers_marsh,
          corexii_item_surrounded_by_moat
D:7:      layout_rooms, minmay_misc_feat_iff, corexii_hall_statues_s,
          uniq_pikel, uniq_joseph

Skill      XL: |  1  2  3  4  5  6  7  8 |
---------------+-------------------------+-----
Dodging        | 3 4 5 6 |  6.0
Fighting       | 3 4 5 |  5.0
Shapeshifting  | 6 7 8 |  8.7
Unarmed Combat | 3 4 |  4.9
Invocations    | 3 |  3.0

Action                     |  1- 3 |  4- 6 |  7- 9 || total
---------------------------+-------+-------+-------++-------
  Melee: Unarmed           |   120 |   137 |   144 ||   401
         Dagger            |     3 |       |       ||     3
         Falchion          |     3 |       |       ||     3
         Punch             |     2 |     3 |     4 ||     9
  Throw: Dart              |       |     4 |       ||     4
    Use: Potion            |       |     2 |     4 ||     6
         Scroll            |       |     2 |     4 ||     6
   Stab: Sleeping          |     3 |       |       ||     3
         Paralysed         |       |       |     7 ||     7
 Armour: Animal skin       |    21 |     5 |       ||    26
         Skin              |       |     5 |       ||     5
         Ring mail         |       |    15 |    16 ||    31
         Robe              |       |       |     3 ||     3
  Dodge: Dodged            |    63 |    78 |    76 ||   217
   Form: Blade             |       |       |     1 ||     1

Table legend: (Time is in decaauts)
 A = Elapsed time spent in this place.
 B = Non-inter-level travel time spent in this place.
 C = Inter-level travel time spent in this place.
 D = Time resting spent in this place.
 E = Time spent auto-exploring this place.
 F = Levels seen in this place.
 G = Mean time per level.
                   A        B        C        D        E       F      G
               +--------+--------+--------+--------+--------+-----+--------+
         Total |   7440 |   7059 |    381 |   2674 |   2726 |   7 | 1062.9 |
       Dungeon |   7440 |   7059 |    381 |   2674 |   2726 |   7 | 1062.9 |
               +--------+--------+--------+--------+--------+-----+--------+

Top non-repeatable levels by time:
     D:5: 1879 daAuts
     D:2: 1409 daAuts
     D:4: 1355 daAuts
     D:1: 994 daAuts
     D:3: 907 daAuts
     D:6: 851 daAuts
     D:7: 43 daAuts
